 Dungeon Crawl Stone Soup version 0.29.1-15-g9cfb28693d (webtiles) character file.

Game seed: 3202745188162281430

20 Descartes the Magician (level 2, -4/16 HPs)
             Began as a Deep Elf Wanderer on Mar 30, 2023.
             Killed from afar by Sigmund (5 damage)
             ... with a magic dart
             ... on level 2 of the Dungeon.
             The game lasted 00:01:46 (1458 turns).

Descartes the Magician (Deep Elf Wanderer)          Turns: 1458, Time: 00:01:46

Health: -4/16      AC:  6    Str: 11    XL:     2   Next: 58%
Magic:  8/8        EV: 10    Int: 13    God:
Gold:   114        SH:  0    Dex: 15    Spells: 7/8 levels left

rFire   . . .      SeeInvis .   a - +0 mace
rCold   . . .      Faith    .   (no shield)
rNeg    . . .      Spirit   .   g - +0 ring mail
rPois   .          Reflect  .   (no helmet)
rElec   .          Harm     .   (no cloak)
rCorr   .          Rampage  .   b - +0 pair of gloves
Will    .....                   (no boots)
Stlth   +.........              (no amulet)
HPRegen 0.05/turn               (no ring)
MPRegen 0.11/turn               (no ring)

@: no status effects
A: no striking features
a: no special abilities


You were on level 2 of the Dungeon.
You visited 1 branch of the dungeon, and saw 2 of its levels.

You collected 114 gold pieces.

Inventory:

Hand Weapons
 a - a +0 mace (weapon)
Armour
 b - a +0 pair of gloves (worn)
 d - a +0 robe
 g - a +0 ring mail (worn)
Scrolls
 j - 2 scrolls of torment {unknown}
 k - a scroll of enchant weapon {unknown}
 m - a scroll of immolation {unknown}
Potions
 c - 2 potions of lignification
 e - a potion of curing {unknown}
 f - a potion of mutation {unknown}
 h - a potion of flight {unknown}
 i - a potion of resistance {unknown}
 l - a potion of degeneration {unknown}


   Skills:
 - Level 1.5 Fighting
 - Level 1.0 Maces & Flails
 - Level 1.0 Armour
 - Level 1.2 Dodging
 - Level 2.4 Stealth
 + Level 3.7 Spellcasting
 - Level 2.1 Translocations


You had 7 spell levels left.
You knew the following spells:

 Your Spells              Type           Power      Damage    Failure   Level
a - Apportation           Tloc           16%        N/A       21%         1

Your spell library contained the following spells:

 Spells                   Type           Power      Damage    Failure   Level
 Blink                    Tloc           16%        N/A       30%         2
 Lesser Beckoning         Tloc           8%         N/A       52%         3


Dungeon Overview and Level Annotations

Branches:
Dungeon (2/15)

Altars:

Annotations:
D:2 Sigmund


Message History

No target in view!
No target in view!
No target in view!
No target in view!
No target in view!
No target in view!
No target in view!
No target in view!
No target in view!
No target in view!
No target in view!
Things that are here:
a +0 whip; 4 stones Sigmund the Dreaded comes into view.
He is wielding a +0 scythe.
Sigmund shouts!
Sigmund gestures at you while chanting.
You are confused.
You bump into the rock wall.
Sigmund casts a spell at you.
You are more confused.
A goblin comes into view. It is wielding a +0 club.
The goblin shouts!
You bump into the rock wall.
You're too confused to move!
You bump into the rock wall.
You bump into the rock wall.
Sigmund barely misses you.
You feel less confused. Sigmund casts a spell at you.
You resist with significant effort. Sigmund casts a spell at you.
The puff of flame hits you.
Things that are here:
a +0 whip; 4 stones Sigmund casts a spell at you.
The puff of flame hits you!
Ouch! That really hurt!
* * * LOW HITPOINT WARNING * * *
Sigmund points at you and mumbles some strange words.
The magic dart hits you.
You die...

#........#
#.#
#.######.#
#.# #.#
####.###.#
#.#
#........#
#.#
#.#####..#
#.###.# #..#
#.#...# #<.#
#.#.#.# #.##
#.#.#.#####@#
#...........#
#........####
##..@#####
##.)# ##.#
#.# #.# #@#


You could see Sigmund.

Vanquished Creatures
  2 ball pythons (D:1)
  2 endoplasms (D:1)
  2 giant cockroaches (D:1)
  A goblin (D:1)
  3 jackals (D:1)
  A quokka (D:1)
  2 bats
  A frilled lizard (D:1)
  2 kobolds
  2 rats (D:1)
18 creatures vanquished.

Notes
Turn   | Place    | Note
-------+----------+-------------------------------------------
     0 | D:1      | Descartes the Deep Elf Wanderer began the quest for the
                  | Orb.
     0 | D:1      | Descartes set off with the following items: a +0 mace, a +0
                  | pair of gloves, a potion of lignification, a +0 robe; and
                  | the following spell memorised: Apportation; and the
                  | following spells available to memorise: Blink, Lesser
                  | Beckoning.
     0 | D:1      | Reached XP level 1. HP: 12/12 MP: 5/5
   141 | D:1      | Reached skill level 2 in Spellcasting
   737 | D:1      | Reached skill level 3 in Spellcasting
   737 | D:1      | Reached XP level 2. HP: 16/16 MP: 8/8
  1425 | D:2      | Noticed Sigmund
  1458 | D:2      | Killed from afar by Sigmund

Illustrated notes

Levels and vault maps discovered:
D:1:      dpeg_arrival_water_temple_mockup, layout_basic,
          chequers_serial_rivers_small_b, grunt_decor_clamped
D:2:      layout_loops_ring, uniq_terence, uniq_sigmund

Skill      XL: |  1 |
---------------+----+-----
Spellcasting   | 3 |  3.7
Fighting       | |  1.5
Maces & Flails | |  1.0
Armour         | |  1.0
Dodging        | |  1.2
Stealth        | |  2.4
Translocations | |  2.1

Action                   || total
-------------------------++-------
Melee: Mace              ||    75
 Cast: Apportation       ||     1
 Stab: Sleeping          ||     3
Armor: Robe              ||    23
       Ring mail         ||    13
       Skin              ||     1
Dodge: Dodged            ||    77
